 Dungeon Crawl Stone Soup version 0.23-a0-677-g07611c5723 (webtiles) character file.

219 Morbidden the Slasher (level 5, -3/41 HPs)
             Began as a Demonspawn Fighter on Jan 10, 2019.
             Slain by an orc wizard
             ... wielding a +0 dagger of electrocution
              (12 damage)
             ... on level 3 of the Dungeon.
             The game lasted 00:03:46 (2500 turns).

Morbidden the Slasher (Demonspawn Fighter)          Turns: 2500, Time: 00:03:46

Health: -3/41      AC: 11    Str: 16    XL:     5   Next: 64%
Magic:  5/5        EV:  7    Int: 10    God:
Gold:   89         SH:  0    Dex: 13    Spells: 4/4 levels left

rFire    . . .     SeeInvis .   a - +0 long sword
rCold    + . .     Gourm    .   c - +0 shield
rNeg     . . .     Faith    .   b - +0 scale mail
rPois    .         Spirit   .   (helmet restricted)
rElec    .         Reflect  .   (no cloak)
rCorr    .         Harm     .   (no gloves)
MR       .....                  (no boots)
Stlth    ..........             (no amulet)
HPRegen  0.13/turn              u - +5 ring of protection
MPRegen  0.09/turn              (no ring)

@: confused
A: horns 1, large bone plates 2, cold resistance 1
a: no special abilities


You were on level 3 of the Dungeon.
You were hungry.

You visited 1 branch of the dungeon, and saw 3 of its levels.

You collected 89 gold pieces.

Inventory:

Hand Weapons
 a - a +0 long sword (weapon)
Armour
 b - a +0 scale mail (worn)
 c - a +0 shield (worn)
Jewellery
 u - a +5 ring of protection (left hand)
 v - an uncursed ring of fire {unknown}
Scrolls
 k - 2 scrolls of magic mapping {unknown}
 l - 3 scrolls of remove curse
 m - a scroll of enchant armour {unknown}
 o - a scroll of teleportation {unknown}
 r - 2 scrolls of enchant weapon {unknown}
 s - 2 scrolls of identify {unknown}
 t - a scroll of random uselessness {unknown}
Potions
 d - 2 potions of might
 e - 2 potions of magic {unknown}
 g - 4 potions of curing {unknown}
 h - a potion of haste {unknown}
 i - 2 potions of mutation {unknown}
 j - a potion of degeneration {unknown}
 n - 2 potions of ambrosia {unknown}
 p - a potion of heal wounds {unknown}
 q - 2 potions of agility {unknown}
Comestibles
 f - 3 rations


   Skills:
 + Level 3.5 Fighting
 * Level 3.7 Long Blades
 + Level 3.5 Armour
 + Level 1.0 Dodging
 + Level 3.4 Shields


You had 4 spell levels left.
You didn't know any spells.
Your spell library was empty.

Dungeon Overview and Level Annotations

Branches:
Dungeon (3/15)

Altars:
Makhleb


Innate Abilities, Weirdness & Mutations

You have a pair of small horns on your head.
You are mostly covered in large bone plates. (SH +6)
Your flesh is cold resistant. (rC+)


Message History

You slash something! Your headbutt misses something.
You hear some strange, mumbled words.
A puff of flame appears from out of thin air!
You block the puff of flame. Something hits you but does no damage.
Unknown command.
You closely miss something.
You feel yourself speed up. You block something's attack.
Something hits you but does no damage.
You miss something. Something hits you but does no damage.
Your shield and scale mail prevent you from hitting something.
You hear some strange, mumbled words.
You are confused.
Things that are here:
a +0 dagger; a +0 robe; an orc corpse You bump into the rock wall.
Something hits you but does no damage.
You are electrocuted!
* * * LOW HITPOINT WARNING * * *
You bump into the rock wall.
Something hits you but does no damage.
You are electrocuted!
You die...

#.......#
##.......#
#...###..#
#.#.###..#
####.#......#
#........##.#
##
#.#####..##.#
.# #.#.####.#
#†.# .# .#
#....o{@.#
#..# .#
#.##.###.#
#.## .# #
#.#####.# .#
#.......# †##
####.#### ..#
#........ ..#
#########
..## ...#


You could see an orc.

Vanquished Creatures
  A scorpion (D:2)
  A crimson imp (D:3)
  An orc wizard (D:3)
  4 adders
  2 worms (D:3)
  2 dart slugs (D:2)
  2 leopard geckos
  5 orcs (D:3)
  7 bats
  A giant cockroach (D:1)
  7 hobgoblins
  9 kobolds
  A quokka (D:3)
  5 frilled lizards
  7 goblins
  3 rats
58 creatures vanquished.

Notes
Turn   | Place    | Note
-------+----------+-------------------------------------------
     0 | D:1      | Morbidden the Demonspawn Fighter began the quest for the
                  | Orb.
     0 | D:1      | Reached XP level 1. HP: 18/18 MP: 1/1
   234 | D:1      | Gained mutation: You are partially covered in large bone
                  | plates. (SH +4) [demonic ancestry]
   234 | D:1      | Reached XP level 2. HP: 24/24 MP: 2/2
   925 | D:2      | Gained mutation: You have a pair of small horns on your
                  | head. [demonic ancestry]
   925 | D:2      | Reached XP level 3. HP: 9/29 MP: 3/3
  1406 | D:2      | Noticed a scorpion
  1419 | D:2      | Killed a scorpion
  1419 | D:2      | Gained mutation: Your flesh is cold resistant. (rC+)
                  | [demonic ancestry]
  1419 | D:2      | Reached XP level 4. HP: 23/35 MP: 4/4
  2241 | D:3      | Gained mutation: You are mostly covered in large bone
                  | plates. (SH +6) [demonic ancestry]
  2241 | D:3      | Reached XP level 5. HP: 41/41 MP: 5/5
  2324 | D:3      | Found a burning altar of Makhleb.
  2464 | D:3      | Reached skill level 1 in Dodging
  2500 | D:3      | Slain by an orc wizard

Vault maps used:
D:1:      lightli_arrival_isolated_outpost
D:3:      makhleb_grotto_becter

Skill      XL: |  1  2  3  4  5 |
---------------+----------------+-----
Armour         | 3 |  3.5
Long Blades    | 2 3 |  3.7
Shields        | 3 |  3.4
Dodging        | 1 |  1.0
Fighting       | |  3.5

Action                   |  1- 3 |  4- 6 || total
-------------------------+-------+-------++-------
Melee: Long sword        |    94 |   135 ||   229
       Headbutt          |     4 |    17 ||    21
  Use: Scroll            |       |     1 ||     1
  Eat: Chunk             |     1 |     4 ||     5
Armor: Scale mail        |    44 |    40 ||    84
Dodge: Dodged            |    23 |    32 ||    55
Block: Shield            |    75 |    86 ||   161
       Rpst.: Long sword |     8 |    12 ||    20

Table legend:
 A = Non-vault XP
 B = Vault XP
 C = Vault XP percentage of total XP
 D = Non-vault monster count
 E = Vault monster count
 F = Vault count percentage of total count
                 A         B        C        D         E       F
            +---------+---------+-------+---------+---------+-------
      Total |     268 |      46 |  14.6 |      57 |       1 |   1.7
            +---------+---------+-------+---------+---------+-------
        D:1 |      28 |       0 |   0.0 |      16 |       0 |   0.0
        D:2 |     121 |       0 |   0.0 |      21 |       0 |   0.0
        D:3 |     119 |      46 |  27.9 |      20 |       1 |   4.8
            +---------+---------+-------+---------+---------+-------
